 Dungeon Crawl Stone Soup version 0.26.1-11-gd32895ea62 (webtiles) character file.

Game seed: 16287582594577813434

37 Descartes the Sneak (level 3, 0/15 HPs)
             Began as a Felid Transmuter on July 7, 2021.
             Succumbed to an adder's poison
             ... on level 1 of the Dungeon.
             The game lasted 00:02:46 (1570 turns).

Descartes the Sneak (Felid Transmuter)              Turns: 1570, Time: 00:02:47

Health: 0/15       AC:  1    Str:  7    XL:     3   Next: 21%
Magic:  6/7        EV: 18    Int: 14    God:
Gold:   105        SH:  0    Dex: 16    Spells: 5/6 levels left
                                        Lives:  0   Deaths: 0

rFire    . . .     SeeInvis +     - Unarmed
rCold    . . .     Faith    .   (shield unavailable)
rNeg     . . .     Spirit   .   (armour unavailable)
rPois    .         Reflect  .   (helmet unavailable)
rElec    .         Harm     .   (cloak unavailable)
rCorr    .         Rampage  .   (gloves unavailable)
Will     .....                  (boots unavailable)
Stlth    +++.......             (no amulet)
HPRegen  0.05/turn              (no ring)
MPRegen  0.10/turn              (no ring)

@: lethally poisoned (0 -> -10), appendages (expiring), quick
A: very small, no armour, no weapons or thrown items, stealth, claws 1, fangs 3,
horns 2, see invisible, speed 1, shaggy fur 1, sharp paws
a: End Transformation


You were on level 1 of the Dungeon.
You had grown temporary horns.
You visited 1 branch of the dungeon, and saw 2 of its levels.

You collected 105 gold pieces.

Inventory:

Jewellery
 g - an uncursed amulet of reflection {unknown}
 i - an uncursed ring of wizardry
Scrolls
 a - 4 scrolls of remove curse {unknown}
 c - 2 scrolls of amnesia {unknown}
 d - 2 scrolls of teleportation {unknown}
Potions
 b - 2 potions of ambrosia {unknown}
 e - a potion of degeneration {unknown}
 f - a potion of flight {unknown}
 h - a potion of attraction {unknown}


   Skills:
 - Level 1.0 Fighting
 - Level 2.6 Dodging
 + Level 4.3 Stealth
 - Level 3.0 Unarmed Combat
 - Level 2.0 Spellcasting
 - Level 2.1 Transmutations


You had 5 spell levels left.
You knew the following spells:

 Your Spells              Type           Power        Failure   Level
a - Beastly Appendage     Tmut           14%          10%         1

Your spell library contained the following spells:

 Spells                   Type           Power        Failure   Level
 Wereblood                Tmut           7%           14%         2
 Spider Form              Tmut/Pois      2%           41%         3
 Ice Form                 Ice/Tmut       4%           83%         4
 Blade Hands              Tmut           3%           95%         5


Dungeon Overview and Level Annotations

Branches:
Dungeon (2/15)

Altars:

Annotations:
D:2 Terence


Innate Abilities, Weirdness & Mutations

You cannot wear armour.
You are incapable of wielding weapons or throwing items.
Your paws allow you to move quietly. (Stealth)
You have sharp claws.
You have razor-sharp teeth.
You have supernaturally acute eyesight. (SInv)
You cover ground quickly.
You are covered in fur. (AC +1)
Your sharp claws are effective at attacking unaware monsters.
You have a pair of horns on your head.


Message History

You scratch the adder. Your headbutt misses the adder.
The adder is severely wounded.
The adder closely misses you.
You closely miss the adder.
The adder is severely wounded.
The adder closely misses you. The adder bites you but does no damage.
You barely miss the adder.
The adder is severely wounded.
The adder closely misses you.
You barely miss the adder.
The adder is severely wounded.
The adder misses you.
You miss the adder. You headbutt the adder.
The adder is almost dead.
Your transformation is almost over.
The adder bites you.
* * * LOW HITPOINT WARNING * * *
You are lethally poisoned!
The adder poisons you!
You die...

.............#...#.#####.#....#
.#####...#####...#............#
.# #...# #...#.#####.###### .#
#...# #..>#.# #.# .# #...#
#.#.#.# ##.#### .# #...#
#.#.#.# #.....# .# #...#
#.#S#.# #..##.# ##
#...#####.#.#.# #..##.#
#.........#@#.# #.†##.#
#...#######.#.# #.....# ###.#
#.#.# #.##### #.# #.#.# #.# #.#
#.#.# #.# #.# #.#.# #.#
##.#######.#.# #.#
#..(.......#.# #.#
##.#########.# #.#


You could see an adder.

Vanquished Creatures
  A dart slug (D:1)
  A leopard gecko (D:1)
  2 giant cockroaches (D:1)
  5 goblins (D:1)
  7 hobgoblins (D:1)
  2 jackals (D:2)
  3 kobolds (D:1)
  2 bats (D:1)
  4 frilled lizards
  2 rats (D:1)
29 creatures vanquished.

Notes
Turn   | Place    | Note
-------+----------+-------------------------------------------
     0 | D:1      | Descartes the Felid Transmuter began the quest for the Orb.
     0 | D:1      | Reached XP level 1. HP: 9/9 MP: 4/4
    61 | D:1      | Reached skill level 1 in Stealth
   288 | D:1      | Reached skill level 2 in Stealth
   379 | D:1      | Reached XP level 2. HP: 5/12 MP: 4/6
   684 | D:1      | Reached skill level 3 in Stealth
  1020 | D:1      | Reached skill level 4 in Stealth
  1024 | D:1      | Reached XP level 3. HP: 11/13 MP: 5/7
  1537 | D:2      | Noticed Terence
  1570 | D:1      | Succumbed to an adder's poison

Illustrated notes

Levels and vault maps discovered:
D:1:      co_arrival_square_in_a_square_in_a_square, layout_basic
D:2:      layout_rooms, lemuel_doored_altar, uniq_terence

Skill      XL: |  1  2 |
---------------+-------+-----
Stealth        | 2 4 |  4.3
Fighting       | |  1.0
Dodging        | |  2.6
Unarmed Combat | |  3.0
Spellcasting   | |  2.0
Transmutations | |  2.1

Action                   || total
-------------------------++-------
Melee: Unarmed           ||    82
       Headbutt          ||     9
       Bite              ||     4
 Cast: Beastly Appendage ||    20
 Stab: Sleeping          ||     3
Armor: Skin              ||     8
Dodge: Dodged            ||    75
